 Dungeon Crawl Stone Soup version 0.29.0-13-gc9e81de378 (webtiles) character file.

Game seed: 3225209713777381523

182 Ofeo the Digger (level 6, 0/45 HPs)
             Began as a Meteoran Earth Elementalist on Sept 9, 2022.
             Slain by an ogre
             ... wielding a +0 giant club
              (13 damage)
             ... on level 4 of the Dungeon.
             The game lasted 00:02:47 (353 turns).

Ofeo the Digger (Meteoran Earth Elementalist)        Turns: 353, Time: 00:02:47

Health: 0/45       AC:  2    Str: 10    XL:     6   Next: 16%
Magic:  12/12      EV: 13    Int: 18    God:
Gold:   35         SH:  0    Dex: 15    Spells: 11/12 levels left

rFire   . . .      SeeInvis .   (no weapon)
rCold   . . .      Faith    .   (no shield)
rNeg    . . .      Spirit   .   a - +0 robe
rPois   .          Reflect  .   (no helmet)
rElec   .          Harm     .   (no cloak)
rCorr   .          Rampage  .   (no gloves)
Will    .....                   (no boots)
Stlth   +.........              e - amulet of magic regeneration
HPRegen 0.15/turn               (no ring)
MPRegen 0.53/turn               (no ring)

@: glowing
A: sense surroundings 1, otherworldly, glowing, explore regen
a: no special abilities


You were on level 4 of the Dungeon.
You visited 1 branch of the dungeon, and saw 5 of its levels.

You collected 35 gold pieces.

Inventory:

Armour
 a - a +0 robe (worn)
Jewellery
 e - an amulet of magic regeneration (around neck)
Wands
 f - a wand of iceblast (9) {@v4}
Scrolls
 d - a scroll of poison {unknown}
 h - a scroll of torment
Potions
 b - a potion of magic
 c - a potion of might {@q4}


   Skills:
 + Level 3.7 Dodging
 + Level 2.3 Stealth
 + Level 3.8 Spellcasting
 + Level 2.9 Transmutations
 + Level 4.6 Earth Magic


You had 11 spell levels left.
You knew the following spells:

 Your Spells              Type           Power      Damage    Failure   Level
a - Sandblast             Erth           40%        2d10      2%          1

Your spell library contained the following spells:

 Spells                   Type           Power      Damage    Failure   Level
 Passwall                 Tmut/Erth      14%        N/A       4%          2
 Stone Arrow              Conj/Erth      22%        3d8       17%         3
 Petrify                  Tmut/Erth      17%        N/A       30%         4
 Gell's Gravitas          Tloc           3%         N/A       41%         3
 Lesser Beckoning         Tloc           3%         N/A       41%         3
 Teleport Other           Tloc           3%         N/A       41%         3


Dungeon Overview and Level Annotations

Branches:
Dungeon (5/15) Zot: 2645   Temple (0/1) D:4

Altars:
Dithmenos
Wu Jian


Innate Abilities, Weirdness & Mutations

You passively map a small area around you.
You are easily found by Zot.
You glow in the dark.
You regain HP and MP as you explore.


Message History

The endoplasm quivers.
Found a stone staircase leading down.
Casting: Sandblast (safe; 2% risk of failure)
Confirm with . or Enter, or press ? or * to list all spells.
The blast of sand hits the endoplasm.
The endoplasm is heavily wounded.
Casting: Sandblast (safe; 2% risk of failure)
Confirm with . or Enter, or press ? or * to list all spells.
The blast of sand hits the endoplasm!!
You kill the endoplasm!
You now have 11/12 mp.
MP restored: 12
Found 4 gold pieces.
There is a stone staircase leading down here.
You climb downwards.
The orc shouts!
The orc priest shouts!
The ogre shouts!
There is a stone staircase leading up here.
The ogre hits you with a +0 giant club!!
Ouch! That really hurt!
* * * LOW HITPOINT WARNING * * *
You hear a shout!
You climb upwards.
There is a stone staircase leading down here.
You take 33 damage, and have 12/45 hp.
MASSIVE DAMAGE!!
It was a potion of cancellation.
You feel magically purged.
Okay, then.
Aiming: Iceblast
Press: ? - help, Shift-Dir - straight line The mass of ice explodes!
The iceblast engulfs the ogre!
The ogre is heavily wounded.
You hear an angry hiss.
You hear a bark!
The ogre barely misses you.
Aiming: Iceblast
Press: ? - help, Shift-Dir - straight line The mass of ice explodes!
The iceblast engulfs the ogre!
The ogre is almost dead.
You hear a bark!
The ogre hits you with a +0 giant club!
You die...

.* ###.........# , ** .
............#, *.. ,
...............#######..
**
...##...................
*
....##.................$
,
#......................
*
.......................
..................##.,
.##.........#..#@## *, *
..##.........###.O.#,
...#.......### #...# , *
...........# ##.... *
.#.........# .....
.#...#.....# * #.....#
###..##....# ....##
#........# , ..###
*,#.........# , ,


You could see an ogre.

Vanquished Creatures
  An ogre (D:4)
  Jessica (D:3)
  An iguana (D:4)
  3 gnolls (D:3)
  A ball python (D:4)
  4 endoplasms
  4 goblins
  A hobgoblin (D:4)
  2 quokkas
  A frilled lizard (D:1)
  A kobold (D:4)
20 creatures vanquished.

Notes
Turn   | Place    | Note
-------+----------+-------------------------------------------
     0 | D:1      | Ofeo the Meteoran Earth Elementalist began the quest for
                  | the Orb.
     0 | D:1      | Reached XP level 1. HP: 14/14 MP: 5/5
   112 | D:2      | Reached XP level 2. HP: 20/20 MP: 4/6
   127 | D:3      | You fall into a shaft and drop 1 floor!
   133 | D:4      | Noticed an ogre
   149 | D:4      | Killed an ogre
   150 | D:4      | Reached skill level 4 in Earth Magic
   150 | D:4      | Reached XP level 3. HP: 15/26 MP: 4/8
   150 | D:4      | Reached XP level 4. HP: 20/33 MP: 5/10
   150 | D:4      | Reached XP level 5. HP: 23/38 MP: 5/11
   233 | D:3      | Noticed Jessica
   237 | D:3      | Killed Jessica
   238 | D:3      | Reached XP level 6. HP: 41/45 MP: 7/12
   309 | D:4      | Found a shadowy altar of Dithmenos.
   309 | D:4      | Found an ornate altar of the Wu Jian Council.
   348 | D:5      | Entered Level 5 of the Dungeon
   348 | D:5      | Noticed an ogre
   353 | D:4      | Slain by an ogre

Illustrated notes

Levels and vault maps discovered:
D:1:      reono_arrival_forest_river, layout_loops_corners,
          shapermc_ecumenical_altar_hornbeckon, fountainhead,
          chequers_serial_rivers_micro_a
D:2:      layout_rooms, minmay_misc_feat_hallway, dreamdust_princess_corridor,
          cheibrodos_gnoll_hut
D:3:      layout_rooms, nicolae_concentric_dashed_squares_mild, uniq_terence,
          uniq_jessica, uniq_sigmund
D:4:      layout_cave_pools, mainiacjoe_overflow_divided_tiny, temple_green,
          serial_shops, nicolae_shop_crystal, minmay_misc_feat_square,
          minmay_misc_feat_enclosed, minmay_surrounded
D:5:      layout_cave_pools, hex_medium, serial_bayou_pond_a, st_stairs_1,
          minivault_26

Skill      XL: |  1  2 |
---------------+-------+-----
Dodging        | 3 |  3.7
Stealth        | 2 |  2.3
Spellcasting   | 3 |  3.8
Transmutations | 2 |  2.9
Earth Magic    | 4 |  4.6

Action                   |  1- 3 |  4- 6 || total
-------------------------+-------+-------++-------
Melee: Unarmed           |     3 |       ||     3
 Cast: Sandblast         |    13 |    23 ||    36
Evoke: Wand              |       |     2 ||     2
  Use: Potion            |     1 |     1 ||     2
       Scroll            |       |     4 ||     4
Armor: Robe              |     1 |       ||     1
Dodge: Dodged            |     5 |     7 ||    12
